Chicago Black Hawks vs Los Angeles Kings
Created - Wednesday, September 17, 2025 at 07:38
Goals
|
| Chicago Black Hawks |
2 |
1 |
2 |
5 |
| Los Angeles Kings |
2 |
3 |
2 |
7 |
|
Shots
|
| Chicago Black Hawks |
9 |
10 |
15 |
34 |
| Los Angeles Kings |
7 |
19 |
7 |
33 |
|
1st period
1. Los Angeles Kings , Seth Jarvis 17 (Matthew Boldy 27) at 1:24
2. Los Angeles Kings , Andrei Svechnikov 10 (Seth Jarvis 25, MacKenzie Weegar 15) at 16:55 (PP)
3. Chicago Black Hawks , Lucas Raymond 13 (Leo Carlsson 22) at 18:38
4. Chicago Black Hawks , Leo Carlsson 19 (Lucas Raymond 29) at 19:18 (PP)
Penalties :
MacKenzie Weegar (LAK) for Hooking (Minor) at 2:18, Zachary Werenski (CHI) for Holding (Minor) at 8:57, Trevor Zegras (CHI) for High sticking (Minor) at 16:28, Andrei Svechnikov (LAK) for Roughing (Minor) at 19:00
2nd period
5. Los Angeles Kings , Morgan Geekie 9 (K'Andre Miller 9) at 0:08
6. Los Angeles Kings , Andrei Kuzmenko 10 (Jansen Harkins 9) at 0:28
7. Los Angeles Kings , Morgan Geekie 10 (Joseph Veleno 3, MacKenzie Weegar 16) at 0:44
8. Chicago Black Hawks , Morgan Frost 5 (Leo Carlsson 23, Justin Faulk 9) at 14:23
Penalties :
Barrett Hayton (CHI) for Holding (Minor) at 5:45, Justin Faulk (CHI) for Tripping (Minor) at 12:01, Alex Gallant (LAK) for Hooking (Minor) at 18:08
3rd period
9. Chicago Black Hawks , Barrett Hayton 19 (Trevor Zegras 26, Ryan Lindgren 3) at 1:44
10. Chicago Black Hawks , Justin Faulk 5 (Barrett Hayton 26, Matthew Beniers 16) at 3:08 (PP)
11. Los Angeles Kings , Andrei Kuzmenko 11 (Morgan Geekie 10, MacKenzie Weegar 17) at 16:50 (PP)
12. Los Angeles Kings , Matthew Boldy 22 (Seth Jarvis 26, Andrei Svechnikov 15) at 19:27 (Empty Net)
Penalties :
Charlie McAvoy (LAK) for Cross-checking (Minor) at 2:11, Andrei Svechnikov (LAK) for Interference (Minor) at 10:44, Christopher Tanev (CHI) for Holding (Minor) at 15:11
Goalie Stats
Filip Gustavsson (CHI), 26 saves from 32 shots - (0.813), L, 11-9-3, 59:40 minutes
Andrei Vasilevskiy (LAK), 29 saves from 34 shots - (0.853), W, 8-13-1, 60:00 minutes
Players Stats for Chicago Black Hawks
Player Name G A P +/- PIM S H SB GA TA FO MP PP MP PK MP
------------------------------------------------------------------------------------
Barrett Hayton 1 1 2 0 2 6 2 0 2 0 21/26 19:02 3:43 2:49
Bobby Brink 0 0 0 0 0 1 3 0 0 0 0/0 11:11 0:00 0:00
Brent Burns 0 0 0 -1 0 1 0 1 0 1 0/0 20:35 3:22 4:04
Brett Howden 0 0 0 0 0 4 0 0 0 0 0/0 8:02 0:04 0:07
Christopher Tanev 0 0 0 -3 2 1 1 1 0 0 0/0 26:41 3:50 3:06
Eeli Tolvanen 0 0 0 0 0 0 3 0 0 0 0/2 12:41 0:08 0:00
Joakim Kemell 0 0 0 0 0 1 0 0 0 0 0/0 7:55 0:04 0:00
Jonas Brodin 0 0 0 2 0 1 2 0 0 0 0/0 19:43 3:22 4:11
Justin Faulk 1 1 2 -2 2 2 2 1 0 2 0/0 26:05 3:50 3:01
Leo Carlsson 1 2 3 -2 0 2 1 0 1 1 11/17 20:22 3:25 3:45
Lucas Raymond 1 1 2 -3 0 2 2 0 1 0 5/9 20:18 3:25 4:04
Matthew Beniers 0 1 1 0 0 2 1 1 2 0 2/5 14:49 3:43 0:00
Morgan Frost 1 0 1 1 0 4 1 0 0 0 0/2 9:09 0:00 0:54
Noah Cates 0 0 0 0 0 0 0 1 0 0 0/0 11:11 0:00 0:00
Oliver Bjorkstrand 0 0 0 -3 0 1 1 0 0 0 1/2 19:52 3:21 3:45
Ryan Lindgren 0 1 1 2 0 1 1 0 0 1 0/0 11:46 0:00 0:00
Trevor Zegras 0 1 1 0 2 2 0 0 1 0 1/1 16:55 3:43 0:42
Zachary Werenski 0 0 0 -1 2 3 0 1 0 0 0/0 15:35 0:00 1:44
Players Stats for Los Angeles Kings
Player Name G A P +/- PIM S H SB GA TA FO MP PP MP PK MP
------------------------------------------------------------------------------------
Alex Gallant 0 0 0 -1 2 0 3 1 0 0 0/0 7:38 0:00 0:00
Alexander Romanov 0 0 0 0 0 0 0 2 0 1 0/0 16:53 4:08 0:40
Andrei Kuzmenko 2 0 2 1 0 8 3 0 1 0 2/5 15:15 3:42 0:35
Andrei Svechnikov 1 1 2 2 4 3 5 1 0 1 1/1 20:15 4:12 2:14
Charlie McAvoy 0 0 0 -1 2 0 2 1 0 1 0/0 16:25 0:00 0:18
Cooper Marody 0 0 0 -1 0 1 1 0 0 0 0/0 7:48 0:09 0:00
Jansen Harkins 0 1 1 1 0 0 2 1 1 0 9/12 11:20 0:09 0:00
Joseph Veleno 0 1 1 0 0 0 1 0 0 0 4/13 12:57 0:00 0:40
K'Andre Miller 0 1 1 3 0 3 2 2 1 1 0/0 23:40 3:55 3:36
Logan Cooley 0 0 0 0 0 2 3 1 0 1 4/8 19:45 3:46 3:39
MacKenzie Weegar 0 3 3 3 2 1 1 1 1 0 0/0 22:35 3:55 2:31
Matthew Boldy 1 1 2 2 0 5 3 1 0 0 0/3 21:43 4:17 3:39
Mikey Eyssimont 0 0 0 -1 0 1 1 0 0 0 0/1 7:26 0:00 0:00
Morgan Geekie 2 1 3 0 0 5 1 1 1 1 1/2 15:58 3:42 0:00
Owen Power 0 0 0 0 0 1 1 0 0 0 0/0 16:48 0:00 4:01
Ryan Suter 0 0 0 -1 0 1 1 2 0 1 0/0 23:38 4:08 3:18
Seth Jarvis 1 2 3 2 0 2 2 0 0 0 2/19 21:41 4:12 3:37
Vitali Kravtsov 0 0 0 1 0 0 0 0 0 0 0/0 10:58 0:00 0:00
3 Stars
1 - Seth Jarvis (LAK)
2 - Morgan Geekie (LAK)
3 - Andrei Kuzmenko (LAK)
Power Play
Chicago Black Hawks - 2 on 5 Attempt(s) - 40.00%
Los Angeles Kings - 2 on 5 Attempt(s) - 40.00%
Penalty Kill
Chicago Black Hawks - 3 on 5 Attempt(s) - 60.00%
- Score 0 goal in Penalty Kill
Los Angeles Kings - 3 on 5 Attempt(s) - 60.00%
- Score 0 goal in Penalty Kill
Team Stat
Chicago Black Hawks - Hits : 20 - Faceoff Wins : 41 - Blocked Shots : 6 - Penalty Minutes : 10
Los Angeles Kings - Hits : 32 - Faceoff Wins : 23 - Blocked Shots : 14 - Penalty Minutes : 10
Official
Referees : Carter Sandlak and Graham Skilliter
Linesman : Ryan Jackson and Travis Gawryletz
Game Notes
Matthew Boldy has scored in a empty net!
Finance
Level 1 -- Attendance: 6000 (100.00%) -- Ticket Income $540,000
Level 2 -- Attendance: 4890 (97.80%) -- Ticket Income $244,500
Level 3 -- Attendance: 3000 (100.00%) -- Ticket Income $90,000
Level 4 -- Attendance: 5000 (100.00%) -- Ticket Income $100,000
Luxury Box -- Attendance: 910 (91.00%) -- Ticket Income $172,900
Game was played at the Staples Center.
Total Attendance: 19800 (99.00%)
Total Ticket Income: $1,147,400
Other Income: $401,590
Total Income: $1,548,990
Chicago Black Hawks
5 vs 5 Forward
Center Left Wing Right Wing Time % Phy DF OF
1 Leo Carlsson Lucas Raymond Oliver Bjorkstrand 30 1 2 2
2 Barrett Hayton Eeli Tolvanen Trevor Zegras 30 1 2 2
3 Matthew Beniers Noah Cates Bobby Brink 25 1 2 2
4 Morgan Frost Brett Howden Joakim Kemell 15 1 2 2
5 vs 5 Defense
Defense Defense Time % Phy DF OF
1 Justin Faulk Christopher Tanev 30 1 2 2
2 Brent Burns Zachary Werenski 30 1 2 2
3 Jonas Brodin Ryan Lindgren 25 1 2 2
4 Justin Faulk Christopher Tanev 15 1 2 2
PowerPlay Forward
Center Left Wing Right Wing Time % Phy DF OF
1 Leo Carlsson Lucas Raymond Oliver Bjorkstrand 50 1 2 2
2 Barrett Hayton Matthew Beniers Trevor Zegras 50 1 2 2
PowerPlay Defense
Defense Defense Time % Phy DF OF
1 Justin Faulk Christopher Tanev 50 1 2 2
2 Brent Burns Jonas Brodin 50 1 2 2
Penalty Kill 4 Players Forward
Center Wing Time % Phy DF OF
1 Lucas Raymond Leo Carlsson 50 1 2 2
2 Barrett Hayton Oliver Bjorkstrand 50 1 2 2
Penalty Kill 4 Players Defense
Defense Defense Time % Phy DF OF
1 Justin Faulk Christopher Tanev 50 1 2 2
2 Jonas Brodin Brent Burns 50 1 2 2
Penalty Kill - 3 Players Forward
Forward Time % Phy DF OF
1 Oliver Bjorkstrand 50 1 2 2
2 Leo Carlsson 50 1 2 2
Penalty Kill - 3 Players Defense
Defense Defense Time % Phy DF OF
1 Justin Faulk Christopher Tanev 50 1 2 2
2 Jonas Brodin Brent Burns 50 1 2 2
4 vs 4 Forward
Center Wing Time % Phy DF OF
1 Matthew Beniers Leo Carlsson 50 1 2 2
2 Barrett Hayton Oliver Bjorkstrand 50 1 2 2
4 vs 4 Defense
Defense Defense Time % Phy DF OF
1 Justin Faulk Christopher Tanev 50 1 2 2
2 Brent Burns Jonas Brodin 50 1 2 2
Last Minutes Offensive
Center Left Wing Right Wing Defense Defense
Leo Carlsson Lucas Raymond Oliver Bjorkstrand Justin Faulk Christopher Tanev
Last Minutes Defensive
Center Left Wing Right Wing Defense Defense
Leo Carlsson Lucas Raymond Oliver Bjorkstrand Justin Faulk Christopher Tanev
Goaltenders
Starting : Filip Gustavsson
Backup : Adin Hill
Extra Forwards
Normal : Leo Carlsson, Matthew Beniers, Morgan Frost - PP : Oliver Bjorkstrand, Matthew Beniers - PK : Morgan Frost
Extra Defensemen
Normal : Jonas Brodin, Christopher Tanev, Justin Faulk - PP : Jonas Brodin - PK : Christopher Tanev, Justin Faulk
Penalty Shots
Matthew Beniers, Leo Carlsson, Barrett Hayton, Oliver Bjorkstrand, Lucas Raymond
Scratches
David Jiricek (Healthy), Noah Dobson (Suspend), Shane Wright (Healthy), Simon Nemec (Healthy), Yegor Sidorov (Healthy)
Jesper Wallstedt (Healthy)
Los Angeles Kings
5 vs 5 Forward
Center Left Wing Right Wing Time % Phy DF OF
1 Seth Jarvis Matthew Boldy Andrei Svechnikov 30 1 2 2
2 Joseph Veleno Logan Cooley Morgan Geekie 30 1 2 2
3 Jansen Harkins Andrei Kuzmenko Vitali Kravtsov 25 1 2 2
4 Mikey Eyssimont Alex Gallant Cooper Marody 15 1 2 2
5 vs 5 Defense
Defense Defense Time % Phy DF OF
1 MacKenzie Weegar K'Andre Miller 35 1 2 2
2 Charlie McAvoy Ryan Suter 35 1 2 2
3 Alexander Romanov Owen Power 30 1 2 2
4 MacKenzie Weegar K'Andre Miller 0 1 2 2
PowerPlay Forward
Center Left Wing Right Wing Time % Phy DF OF
1 Seth Jarvis Matthew Boldy Andrei Svechnikov 50 1 2 2
2 Andrei Kuzmenko Logan Cooley Morgan Geekie 50 1 2 2
PowerPlay Defense
Defense Defense Time % Phy DF OF
1 MacKenzie Weegar K'Andre Miller 50 1 2 2
2 Alexander Romanov Ryan Suter 50 1 2 2
Penalty Kill 4 Players Forward
Center Wing Time % Phy DF OF
1 Logan Cooley Matthew Boldy 50 1 2 2
2 Andrei Svechnikov Seth Jarvis 50 1 2 2
Penalty Kill 4 Players Defense
Defense Defense Time % Phy DF OF
1 MacKenzie Weegar K'Andre Miller 50 1 2 2
2 Owen Power Ryan Suter 50 1 2 2
Penalty Kill - 3 Players Forward
Forward Time % Phy DF OF
1 Andrei Svechnikov 50 1 2 2
2 Matthew Boldy 50 1 2 2
Penalty Kill - 3 Players Defense
Defense Defense Time % Phy DF OF
1 MacKenzie Weegar K'Andre Miller 50 1 2 2
2 Owen Power Ryan Suter 50 1 2 2
4 vs 4 Forward
Center Wing Time % Phy DF OF
1 Andrei Kuzmenko Matthew Boldy 50 1 2 2
2 Andrei Svechnikov Logan Cooley 50 1 2 2
4 vs 4 Defense
Defense Defense Time % Phy DF OF
1 MacKenzie Weegar K'Andre Miller 50 1 2 2
2 Alexander Romanov Ryan Suter 50 1 2 2
Last Minutes Offensive
Center Left Wing Right Wing Defense Defense
Seth Jarvis Matthew Boldy Andrei Svechnikov MacKenzie Weegar K'Andre Miller
Last Minutes Defensive
Center Left Wing Right Wing Defense Defense
Seth Jarvis Matthew Boldy Andrei Svechnikov MacKenzie Weegar K'Andre Miller
Goaltenders
Starting : Andrei Vasilevskiy
Backup : Victor Ostman
Extra Forwards
Normal : Andrei Kuzmenko, Jansen Harkins, Andrei Svechnikov - PP : Andrei Kuzmenko, Jansen Harkins - PK : Matthew Boldy
Extra Defensemen
Normal : Alexander Romanov, Owen Power, K'Andre Miller - PP : Alexander Romanov - PK : Owen Power, MacKenzie Weegar
Penalty Shots
Jansen Harkins, Matthew Boldy, Andrei Svechnikov, Seth Jarvis, Logan Cooley
Scratches
Evander Kane (Bruised Left Shoulder Injury), Jakub Zboril (Healthy), Carl Lindbom (Healthy)
% Time on Ice - Chicago Black Hawks
Lines # - Real PCT - Wanted PCT - Time Play
Normal Forward
1 - 29% - 30% - 12:53
2 - 28% - 30% - 12:31
3 - 25% - 25% - 11:11
4 - 17% - 15% - 7:35
Normal Defense
1 - 31% - 30% - 13:39
2 - 32% - 30% - 14:12
3 - 27% - 25% - 11:46
4 - 10% - 15% - 4:33
PP Forward
1 - 48% - 50% - 3:29
2 - 52% - 50% - 3:43
PP Defense
1 - 53% - 50% - 3:50
2 - 47% - 50% - 3:22
PK Forward
1 - 47% - 50% - 3:48
2 - 53% - 50% - 4:15
PK Defense
1 - 49% - 50% - 3:59
2 - 51% - 50% - 4:04
PK3 Forward
1 - 0% - 50%
2 - 0% - 50%
PK3 Defense
1 - 0% - 50%
2 - 0% - 50%
44 Forward
1 - 0% - 50%
2 - 0% - 50%
44 Defense
1 - 0% - 50%
2 - 0% - 50%
Last Minute Offensive - 0:35
Last Minute Defensive - 0:00
Total
Forward - 60:00
Defense - 60:00
|
% Time on Ice - Los Angeles Kings
Lines # - Real PCT - Wanted PCT - Time Play
Normal Forward
1 - 30% - 30% - 13:13
2 - 28% - 30% - 12:34
3 - 25% - 25% - 10:58
4 - 17% - 15% - 7:26
Normal Defense
1 - 35% - 35% - 15:36
2 - 37% - 35% - 16:12
3 - 28% - 30% - 12:23
4 - 0% - 0% - 0:00
PP Forward
1 - 53% - 50% - 4:17
2 - 47% - 50% - 3:46
PP Defense
1 - 49% - 50% - 3:55
2 - 51% - 50% - 4:08
PK Forward
1 - 40% - 50% - 2:53
2 - 60% - 50% - 4:19
PK Defense
1 - 54% - 50% - 3:54
2 - 46% - 50% - 3:18
PK3 Forward
1 - 0% - 50%
2 - 0% - 50%
PK3 Defense
1 - 0% - 50%
2 - 0% - 50%
44 Forward
1 - 0% - 50%
2 - 0% - 50%
44 Defense
1 - 0% - 50%
2 - 0% - 50%
Last Minute Offensive - 0:00
Last Minute Defensive - 0:34
Total
Forward - 60:00
Defense - 60:00
|
Play-by-Play
1st period
0:01 of 1st period - Seth Jarvis wins face-off versus Lucas Raymond in neutral zone.
0:12 of 1st period - Slapshot by Matthew Boldy.
0:12 of 1st period - Stopped by Filip Gustavsson without a rebound.
0:13 of 1st period - Barrett Hayton wins face-off versus Joseph Veleno in Chicago Black Hawks zone.
0:39 of 1st period - Jansen Harkins is hit by Bobby Brink and loses puck.
1:00 of 1st period - Wrist shot by Morgan Frost.
1:00 of 1st period - Stopped by Andrei Vasilevskiy with a rebound.
1:06 of 1st period - Brent Burns is hit by Alex Gallant.
1:24 of 1st period - Wrist shot by Seth Jarvis.
1:24 of 1st period - Goal by Seth Jarvis - Chicago Black Hawks : 0 - Los Angeles Kings : 1.
1:25 of 1st period - Barrett Hayton wins face-off versus Joseph Veleno in neutral zone.
1:40 of 1st period - Snap shot by Trevor Zegras.
1:40 of 1st period - Shot Misses the Net.
1:50 of 1st period - Jansen Harkins is hit by Ryan Lindgren and loses puck.
1:55 of 1st period - Snap shot by Lucas Raymond.
1:55 of 1st period - Deflect By Oliver Bjorkstrand.
1:55 of 1st period - Shot Misses the Net.
1:55 of 1st period - Puck is out of play.
1:56 of 1st period - Matthew Beniers wins face-off versus Seth Jarvis in Los Angeles Kings zone.
2:18 of 1st period - Minor Penalty to MacKenzie Weegar for Hooking.
2:19 of 1st period - Logan Cooley wins face-off versus Leo Carlsson in Los Angeles Kings zone.
2:30 of 1st period - K'Andre Miller is hit by Oliver Bjorkstrand and loses puck.
2:55 of 1st period - Justin Faulk is hit by Matthew Boldy and loses puck.
3:52 of 1st period - Barrett Hayton is hit by Matthew Boldy and loses puck.
4:18 of 1st period - Penalty to MacKenzie Weegar is over, MacKenzie Weegar is back on ice.
4:27 of 1st period - Jansen Harkins is hit by Justin Faulk and loses puck.
5:05 of 1st period - Noah Cates is hit by Owen Power and loses puck.
5:10 of 1st period - Slapshot by Morgan Geekie.
5:10 of 1st period - Shot Misses the Net.
5:22 of 1st period - Zachary Werenski is hit by Andrei Kuzmenko and loses puck.
5:37 of 1st period - Ryan Lindgren is hit by Andrei Svechnikov and loses puck.
6:31 of 1st period - Wrist shot by Andrei Kuzmenko.
6:31 of 1st period - Stopped by Filip Gustavsson with a rebound.
6:35 of 1st period - Snap shot by Jansen Harkins.
6:35 of 1st period - Shot Misses the Net.
7:09 of 1st period - Slapshot by Mikey Eyssimont.
7:09 of 1st period - Stopped by Filip Gustavsson without a rebound.
7:10 of 1st period - Joseph Veleno wins face-off versus Barrett Hayton in Chicago Black Hawks zone.
7:35 of 1st period - Justin Faulk is hit by Andrei Svechnikov and loses puck.
8:00 of 1st period - Snap shot by Morgan Frost.
8:00 of 1st period - Shot Misses the Net.
8:04 of 1st period - Snap shot by Morgan Frost.
8:04 of 1st period - Shot Misses the Net.
8:06 of 1st period - Slapshot by Christopher Tanev.
8:06 of 1st period - Shot Misses the Net.
8:23 of 1st period - Slapshot by Leo Carlsson.
8:23 of 1st period - Shot Misses the Net.
8:34 of 1st period - Off-side.
8:35 of 1st period - Barrett Hayton wins face-off versus Joseph Veleno in neutral zone.
8:38 of 1st period - Joseph Veleno is hit by Eeli Tolvanen and loses puck.
8:51 of 1st period - Wrist shot by Logan Cooley.
8:51 of 1st period - Shot Misses the Net.
8:57 of 1st period - Minor Penalty to Zachary Werenski for Holding.
8:58 of 1st period - Seth Jarvis wins face-off versus Lucas Raymond in Chicago Black Hawks zone.
9:03 of 1st period - Snap shot by Andrei Svechnikov.
9:03 of 1st period - Stopped by Filip Gustavsson without a rebound.
9:04 of 1st period - Lucas Raymond wins face-off versus Seth Jarvis in Chicago Black Hawks zone.
9:48 of 1st period - Jonas Brodin is hit by K'Andre Miller and loses puck.
10:37 of 1st period - Justin Faulk is hit by Logan Cooley and loses puck.
10:57 of 1st period - Penalty to Zachary Werenski is over, Zachary Werenski is back on ice.
11:09 of 1st period - Slapshot by Noah Cates.
11:09 of 1st period - Shot Misses the Net.
11:29 of 1st period - Snap shot by Brett Howden.
11:29 of 1st period - Stopped by Andrei Vasilevskiy with a rebound.
12:12 of 1st period - Matthew Boldy is hit by Eeli Tolvanen and loses puck.
12:33 of 1st period - Brett Howden is hit by Cooper Marody and loses puck.
12:44 of 1st period - K'Andre Miller is hit by Bobby Brink and loses puck.
12:59 of 1st period - MacKenzie Weegar is hit by Eeli Tolvanen and loses puck.
14:26 of 1st period - Alexander Romanov is hit by Barrett Hayton.
14:38 of 1st period - Owen Power is hit by Morgan Frost and loses puck.
15:24 of 1st period - MacKenzie Weegar is hit by Jonas Brodin.
15:34 of 1st period - Matthew Beniers is hit by Andrei Kuzmenko and loses puck.
15:41 of 1st period - Alexander Romanov is hit by Justin Faulk.
15:49 of 1st period - Slapshot by Matthew Beniers.
15:49 of 1st period - Shot Misses the Net.
15:51 of 1st period - Slapshot by Matthew Beniers.
15:51 of 1st period - Stopped by Andrei Vasilevskiy without a rebound.
15:52 of 1st period - Barrett Hayton wins face-off versus Seth Jarvis in Los Angeles Kings zone.
15:53 of 1st period - Snap shot by Trevor Zegras.
15:53 of 1st period - Shot Misses the Net.
16:01 of 1st period - Slapshot by Barrett Hayton.
16:01 of 1st period - Stopped by Andrei Vasilevskiy without a rebound.
16:02 of 1st period - Barrett Hayton wins face-off versus Seth Jarvis in Los Angeles Kings zone.
16:28 of 1st period - Minor Penalty to Trevor Zegras for High sticking.
16:29 of 1st period - Barrett Hayton wins face-off versus Andrei Kuzmenko in Chicago Black Hawks zone.
16:29 of 1st period - Barrett Hayton is hit by Logan Cooley.
16:37 of 1st period - Off-side.
16:38 of 1st period - Lucas Raymond wins face-off versus Andrei Kuzmenko in neutral zone.
16:45 of 1st period - Wrist shot by Logan Cooley.
16:45 of 1st period - Stopped by Filip Gustavsson without a rebound.
16:46 of 1st period - Barrett Hayton wins face-off versus Seth Jarvis in Chicago Black Hawks zone.
16:55 of 1st period - Snap shot by Andrei Svechnikov.
16:55 of 1st period - Goal by Andrei Svechnikov - Chicago Black Hawks : 0 - Los Angeles Kings : 2.
16:56 of 1st period - Joseph Veleno wins face-off versus Lucas Raymond in neutral zone.
17:01 of 1st period - Snap shot by Lucas Raymond.
17:01 of 1st period - Stopped by Andrei Vasilevskiy with a rebound.
17:03 of 1st period - Wrist shot by Oliver Bjorkstrand.
17:03 of 1st period - Shot Misses the Net.
17:23 of 1st period - Trevor Zegras is hit by Charlie McAvoy and loses puck.
18:14 of 1st period - Snap shot by Brett Howden.
18:14 of 1st period - Stopped by Andrei Vasilevskiy without a rebound.
18:15 of 1st period - Leo Carlsson wins face-off versus Joseph Veleno in Los Angeles Kings zone.
18:26 of 1st period - Slapshot by Lucas Raymond.
18:26 of 1st period - Deflect By Leo Carlsson.
18:26 of 1st period - Shot Misses the Net.
18:26 of 1st period - Puck is out of play.
18:27 of 1st period - Leo Carlsson wins face-off versus Joseph Veleno in Los Angeles Kings zone.
18:34 of 1st period - Slapshot by Leo Carlsson.
18:34 of 1st period - Shot Hit the Post.
18:36 of 1st period - Slapshot by Lucas Raymond.
18:36 of 1st period - Shot Blocked by Ryan Suter.
18:38 of 1st period - Snap shot by Lucas Raymond.
18:38 of 1st period - Goal by Lucas Raymond - Chicago Black Hawks : 1 - Los Angeles Kings : 2.
18:39 of 1st period - Barrett Hayton wins face-off versus Seth Jarvis in neutral zone.
18:42 of 1st period - Snap shot by Barrett Hayton.
18:42 of 1st period - Shot Blocked by Andrei Svechnikov.
19:00 of 1st period - Minor Penalty to Andrei Svechnikov for Roughing.
19:01 of 1st period - Trevor Zegras wins face-off versus Logan Cooley in Los Angeles Kings zone.
19:14 of 1st period - Snap shot by Trevor Zegras.
19:14 of 1st period - Stopped by Andrei Vasilevskiy without a rebound.
19:15 of 1st period - Leo Carlsson wins face-off versus Logan Cooley in Los Angeles Kings zone.
19:18 of 1st period - Snap shot by Leo Carlsson.
19:18 of 1st period - Goal by Leo Carlsson - Chicago Black Hawks : 2 - Los Angeles Kings : 2.
19:19 of 1st period - Leo Carlsson wins face-off versus Joseph Veleno in neutral zone.
Goals for this period are 2 for Chicago Black Hawks vs 2 for Los Angeles Kings.
Shots for this period are 9 for Chicago Black Hawks vs 7 for Los Angeles Kings.
2nd period
0:01 of 2nd period - Leo Carlsson wins face-off versus Joseph Veleno in neutral zone.
0:08 of 2nd period - Snap shot by Morgan Geekie.
0:08 of 2nd period - Goal by Morgan Geekie - Chicago Black Hawks : 2 - Los Angeles Kings : 3.
0:09 of 2nd period - Jansen Harkins wins face-off versus Leo Carlsson in neutral zone.
0:14 of 2nd period - Wrist shot by Andrei Kuzmenko.
0:14 of 2nd period - Stopped by Filip Gustavsson without a rebound.
0:15 of 2nd period - Andrei Kuzmenko wins face-off versus Leo Carlsson in Chicago Black Hawks zone.
0:28 of 2nd period - Snap shot by Andrei Kuzmenko.
0:28 of 2nd period - Goal by Andrei Kuzmenko - Chicago Black Hawks : 2 - Los Angeles Kings : 4.
0:29 of 2nd period - Joseph Veleno wins face-off versus Barrett Hayton in neutral zone.
0:40 of 2nd period - Slapshot by Morgan Geekie.
0:40 of 2nd period - Stopped by Filip Gustavsson with a rebound.
0:42 of 2nd period - Wrist shot by Joseph Veleno.
0:42 of 2nd period - Shot Misses the Net.
0:44 of 2nd period - Backhand shot by Morgan Geekie.
0:44 of 2nd period - Goal by Morgan Geekie - Chicago Black Hawks : 2 - Los Angeles Kings : 5.
0:45 of 2nd period - Barrett Hayton wins face-off versus Seth Jarvis in neutral zone.
0:45 of 2nd period - Barrett Hayton is hit by Andrei Svechnikov.
0:55 of 2nd period - Justin Faulk is hit by Seth Jarvis and loses puck.
0:58 of 2nd period - Wrist shot by Barrett Hayton.
0:58 of 2nd period - Stopped by Andrei Vasilevskiy with a rebound.
1:00 of 2nd period - Snap shot by Eeli Tolvanen.
1:00 of 2nd period - Shot Misses the Net.
1:10 of 2nd period - Lucas Raymond is hit by Logan Cooley and loses puck.
1:21 of 2nd period - Snap shot by Logan Cooley.
1:21 of 2nd period - Shot Misses the Net.
1:23 of 2nd period - Slapshot by MacKenzie Weegar.
1:23 of 2nd period - Stopped by Filip Gustavsson with a rebound.
1:30 of 2nd period - Icing by Christopher Tanev.
1:31 of 2nd period - Jansen Harkins wins face-off versus Leo Carlsson in Chicago Black Hawks zone.
1:42 of 2nd period - Wrist shot by Andrei Kuzmenko.
1:42 of 2nd period - Stopped by Filip Gustavsson without a rebound.
1:43 of 2nd period - Barrett Hayton wins face-off versus Seth Jarvis in Chicago Black Hawks zone.
2:15 of 2nd period - Slapshot by MacKenzie Weegar.
2:15 of 2nd period - Shot Misses the Net.
2:17 of 2nd period - Slapshot by K'Andre Miller.
2:17 of 2nd period - Stopped by Filip Gustavsson with a rebound.
3:47 of 2nd period - Wrist shot by Mikey Eyssimont.
3:47 of 2nd period - Deflect By Cooper Marody.
3:47 of 2nd period - Stopped by Filip Gustavsson with a rebound.
4:20 of 2nd period - Icing by Zachary Werenski.
4:21 of 2nd period - Jansen Harkins wins face-off versus Leo Carlsson in Chicago Black Hawks zone.
4:43 of 2nd period - Wrist shot by Leo Carlsson.
4:43 of 2nd period - Shot Blocked by Logan Cooley.
4:49 of 2nd period - Wrist shot by Leo Carlsson.
4:49 of 2nd period - Shot Misses the Net.
4:51 of 2nd period - Wrist shot by Brent Burns.
4:51 of 2nd period - Shot Misses the Net.
4:53 of 2nd period - Snap shot by Zachary Werenski.
4:53 of 2nd period - Stopped by Andrei Vasilevskiy with a rebound.
5:07 of 2nd period - Slapshot by Lucas Raymond.
5:07 of 2nd period - Shot Misses the Net.
5:09 of 2nd period - Slapshot by Zachary Werenski.
5:09 of 2nd period - Stopped by Andrei Vasilevskiy without a rebound.
5:10 of 2nd period - Barrett Hayton wins face-off versus Jansen Harkins in Los Angeles Kings zone.
5:19 of 2nd period - Snap shot by Jansen Harkins.
5:19 of 2nd period - Shot Misses the Net.
5:21 of 2nd period - Slapshot by Andrei Kuzmenko.
5:21 of 2nd period - Stopped by Filip Gustavsson without a rebound.
5:22 of 2nd period - Barrett Hayton wins face-off versus Seth Jarvis in Chicago Black Hawks zone.
5:29 of 2nd period - Wrist shot by Seth Jarvis.
5:29 of 2nd period - Stopped by Filip Gustavsson with a rebound.
5:35 of 2nd period - Snap shot by Seth Jarvis.
5:35 of 2nd period - Shot Misses the Net.
5:45 of 2nd period - Minor Penalty to Barrett Hayton for Holding.
5:46 of 2nd period - Morgan Geekie wins face-off versus Morgan Frost in Chicago Black Hawks zone.
5:57 of 2nd period - Slapshot by Andrei Kuzmenko.
5:57 of 2nd period - Shot Misses the Net.
7:45 of 2nd period - Penalty to Barrett Hayton is over, Barrett Hayton is back on ice.
8:15 of 2nd period - Icing by Noah Cates.
8:16 of 2nd period - Jansen Harkins wins face-off versus Matthew Beniers in Chicago Black Hawks zone.
9:09 of 2nd period - Wrist shot by Bobby Brink.
9:09 of 2nd period - Shot Misses the Net.
9:17 of 2nd period - Wrist shot by Andrei Kuzmenko.
9:17 of 2nd period - Stopped by Filip Gustavsson without a rebound.
9:18 of 2nd period - Barrett Hayton wins face-off versus Seth Jarvis in Chicago Black Hawks zone.
10:07 of 2nd period - Leo Carlsson is hit by K'Andre Miller and loses puck.
10:24 of 2nd period - Brent Burns is hit by Seth Jarvis and loses puck.
10:45 of 2nd period - Charlie McAvoy is hit by Lucas Raymond and loses puck.
11:05 of 2nd period - Slapshot by Brett Howden.
11:05 of 2nd period - Stopped by Andrei Vasilevskiy without a rebound.
11:06 of 2nd period - Barrett Hayton wins face-off versus Seth Jarvis in Los Angeles Kings zone.
11:13 of 2nd period - Snap shot by Barrett Hayton.
11:13 of 2nd period - Stopped by Andrei Vasilevskiy with a rebound.
11:51 of 2nd period - Christopher Tanev is hit by Jansen Harkins and loses puck.
12:01 of 2nd period - Minor Penalty to Justin Faulk for Tripping.
12:02 of 2nd period - Lucas Raymond wins face-off versus Morgan Geekie in Chicago Black Hawks zone.
12:55 of 2nd period - Zachary Werenski is hit by Morgan Geekie and loses puck.
13:22 of 2nd period - Jonas Brodin is hit by Ryan Suter and loses puck.
14:01 of 2nd period - Penalty to Justin Faulk is over, Justin Faulk is back on ice.
14:21 of 2nd period - Snap shot by Leo Carlsson.
14:21 of 2nd period - Shot Blocked by Alex Gallant.
14:23 of 2nd period - Snap shot by Morgan Frost.
14:23 of 2nd period - Goal by Morgan Frost - Chicago Black Hawks : 3 - Los Angeles Kings : 5.
14:24 of 2nd period - Barrett Hayton wins face-off versus Seth Jarvis in neutral zone.
14:49 of 2nd period - Morgan Geekie is hit by Bobby Brink and loses puck.
14:54 of 2nd period - Snap shot by Bobby Brink.
14:54 of 2nd period - Stopped by Andrei Vasilevskiy with a rebound.
14:56 of 2nd period - Slapshot by Zachary Werenski.
14:56 of 2nd period - Shot Misses the Net.
14:58 of 2nd period - Slapshot by Zachary Werenski.
14:58 of 2nd period - Shot Blocked by Morgan Geekie.
15:36 of 2nd period - Snap shot by Leo Carlsson.
15:36 of 2nd period - Shot Misses the Net.
16:31 of 2nd period - Snap shot by Morgan Geekie.
16:31 of 2nd period - Shot Misses the Net.
16:33 of 2nd period - Slapshot by Owen Power.
16:33 of 2nd period - Stopped by Filip Gustavsson with a rebound.
16:35 of 2nd period - Slapshot by Alexander Romanov.
16:35 of 2nd period - Shot Blocked by Justin Faulk.
16:39 of 2nd period - Slapshot by Morgan Geekie.
16:39 of 2nd period - Stopped by Filip Gustavsson with a rebound.
16:41 of 2nd period - Slapshot by Ryan Suter.
16:41 of 2nd period - Stopped by Filip Gustavsson with a rebound.
16:43 of 2nd period - Slapshot by Owen Power.
16:43 of 2nd period - Deflect By Morgan Geekie.
16:43 of 2nd period - Stopped by Filip Gustavsson without a rebound.
16:44 of 2nd period - Barrett Hayton wins face-off versus Matthew Boldy in Chicago Black Hawks zone.
16:44 of 2nd period - Barrett Hayton is hit by Charlie McAvoy.
16:50 of 2nd period - Andrei Svechnikov is hit by Jonas Brodin and loses puck.
17:09 of 2nd period - Jonas Brodin is hit by Jansen Harkins.
17:17 of 2nd period - Snap shot by Leo Carlsson.
17:17 of 2nd period - Stopped by Andrei Vasilevskiy without a rebound.
17:18 of 2nd period - Jansen Harkins wins face-off versus Eeli Tolvanen in Los Angeles Kings zone.
17:25 of 2nd period - Wrist shot by Barrett Hayton.
17:25 of 2nd period - Shot Misses the Net.
17:27 of 2nd period - Snap shot by Eeli Tolvanen.
17:27 of 2nd period - Shot Misses the Net.
17:29 of 2nd period - Snap shot by Barrett Hayton.
17:29 of 2nd period - Shot Blocked by Jansen Harkins.
18:08 of 2nd period - Minor Penalty to Alex Gallant for Hooking.
18:09 of 2nd period - Leo Carlsson wins face-off versus Logan Cooley in Los Angeles Kings zone.
18:13 of 2nd period - Snap shot by Lucas Raymond.
18:13 of 2nd period - Shot Misses the Net.
18:15 of 2nd period - Slapshot by Christopher Tanev.
18:15 of 2nd period - Shot Blocked by K'Andre Miller.
18:17 of 2nd period - Slapshot by Christopher Tanev.
18:17 of 2nd period - Shot Misses the Net.
18:19 of 2nd period - Slapshot by Oliver Bjorkstrand.
18:19 of 2nd period - Stopped by Andrei Vasilevskiy without a rebound.
18:20 of 2nd period - Barrett Hayton wins face-off versus Logan Cooley in Los Angeles Kings zone.
18:25 of 2nd period - Snap shot by Matthew Beniers.
18:25 of 2nd period - Shot Misses the Net.
18:27 of 2nd period - Snap shot by Matthew Beniers.
18:27 of 2nd period - Stopped by Andrei Vasilevskiy without a rebound.
18:28 of 2nd period - Logan Cooley wins face-off versus Matthew Beniers in Los Angeles Kings zone.
19:00 of 2nd period - Slapshot by Matthew Boldy.
19:00 of 2nd period - Stopped by Filip Gustavsson with a rebound.
19:02 of 2nd period - Slapshot by K'Andre Miller.
19:02 of 2nd period - Stopped by Filip Gustavsson without a rebound.
19:03 of 2nd period - Logan Cooley wins face-off versus Leo Carlsson in Chicago Black Hawks zone.
19:04 of 2nd period - Snap shot by Matthew Boldy.
19:04 of 2nd period - Stopped by Filip Gustavsson with a rebound.
19:52 of 2nd period - Logan Cooley is hit by Lucas Raymond and loses puck.
Goals for this period are 1 for Chicago Black Hawks vs 3 for Los Angeles Kings.
Shots for this period are 10 for Chicago Black Hawks vs 19 for Los Angeles Kings.
3rd period
0:01 of 3rd period - Andrei Svechnikov wins face-off versus Barrett Hayton in neutral zone.
0:08 of 3rd period - Penalty to Alex Gallant is over, Alex Gallant is back on ice.
0:26 of 3rd period - Leo Carlsson is hit by Joseph Veleno and loses puck.
0:57 of 3rd period - Wrist shot by Brett Howden.
0:57 of 3rd period - Shot Misses the Net.
0:59 of 3rd period - Snap shot by Joakim Kemell.
0:59 of 3rd period - Shot Blocked by K'Andre Miller.
1:11 of 3rd period - Ryan Lindgren is hit by Alex Gallant and loses puck.
1:20 of 3rd period - Slapshot by MacKenzie Weegar.
1:20 of 3rd period - Shot Misses the Net.
1:42 of 3rd period - Wrist shot by Barrett Hayton.
1:42 of 3rd period - Stopped by Andrei Vasilevskiy with a rebound.
1:44 of 3rd period - Slapshot by Barrett Hayton.
1:44 of 3rd period - Goal by Barrett Hayton - Chicago Black Hawks : 4 - Los Angeles Kings : 5.
1:45 of 3rd period - Barrett Hayton wins face-off versus Seth Jarvis in neutral zone.
1:52 of 3rd period - Wrist shot by Trevor Zegras.
1:52 of 3rd period - Stopped by Andrei Vasilevskiy with a rebound.
1:58 of 3rd period - Snap shot by Barrett Hayton.
1:58 of 3rd period - Shot Blocked by Matthew Boldy.
2:00 of 3rd period - Slapshot by Zachary Werenski.
2:00 of 3rd period - Stopped by Andrei Vasilevskiy with a rebound.
2:11 of 3rd period - Minor Penalty to Charlie McAvoy for Cross-checking.
2:12 of 3rd period - Logan Cooley wins face-off versus Barrett Hayton in Los Angeles Kings zone.
2:12 of 3rd period - Logan Cooley is hit by Matthew Beniers.
3:04 of 3rd period - Snap shot by Matthew Beniers.
3:04 of 3rd period - Shot Misses the Net.
3:06 of 3rd period - Slapshot by Barrett Hayton.
3:06 of 3rd period - Stopped by Andrei Vasilevskiy with a rebound.
3:08 of 3rd period - Slapshot by Justin Faulk.
3:08 of 3rd period - Goal by Justin Faulk - Chicago Black Hawks : 5 - Los Angeles Kings : 5.
3:09 of 3rd period - Leo Carlsson wins face-off versus Seth Jarvis in neutral zone.
3:42 of 3rd period - Wrist shot by Brett Howden.
3:42 of 3rd period - Stopped by Andrei Vasilevskiy without a rebound.
3:43 of 3rd period - Joseph Veleno wins face-off versus Barrett Hayton in Los Angeles Kings zone.
4:13 of 3rd period - Wrist shot by Lucas Raymond.
4:13 of 3rd period - Shot Misses the Net.
4:15 of 3rd period - Slapshot by Jonas Brodin.
4:15 of 3rd period - Stopped by Andrei Vasilevskiy with a rebound.
4:51 of 3rd period - Snap shot by Morgan Frost.
4:51 of 3rd period - Stopped by Andrei Vasilevskiy with a rebound.
4:53 of 3rd period - Snap shot by Brent Burns.
4:53 of 3rd period - Stopped by Andrei Vasilevskiy without a rebound.
4:54 of 3rd period - Jansen Harkins wins face-off versus Morgan Frost in Los Angeles Kings zone.
4:54 of 3rd period - Jansen Harkins is hit by Christopher Tanev.
5:26 of 3rd period - Snap shot by K'Andre Miller.
5:26 of 3rd period - Stopped by Filip Gustavsson with a rebound.
5:42 of 3rd period - Snap shot by Morgan Frost.
5:42 of 3rd period - Shot Blocked by MacKenzie Weegar.
5:44 of 3rd period - Slapshot by Justin Faulk.
5:44 of 3rd period - Stopped by Andrei Vasilevskiy with a rebound.
5:46 of 3rd period - Slapshot by Joakim Kemell.
5:46 of 3rd period - Stopped by Andrei Vasilevskiy with a rebound.
5:48 of 3rd period - Backhand shot by Christopher Tanev.
5:48 of 3rd period - Stopped by Andrei Vasilevskiy without a rebound.
5:49 of 3rd period - Barrett Hayton wins face-off versus Joseph Veleno in Los Angeles Kings zone.
6:14 of 3rd period - Seth Jarvis is hit by Leo Carlsson and loses puck.
6:58 of 3rd period - Christopher Tanev is hit by Alex Gallant.
7:50 of 3rd period - Snap shot by Seth Jarvis.
7:50 of 3rd period - Shot Blocked by Matthew Beniers.
7:55 of 3rd period - Off-side.
7:56 of 3rd period - Barrett Hayton wins face-off versus Jansen Harkins in neutral zone.
7:58 of 3rd period - Off-side.
7:59 of 3rd period - Jansen Harkins wins face-off versus Eeli Tolvanen in neutral zone.
8:51 of 3rd period - Snap shot by MacKenzie Weegar.
8:51 of 3rd period - Deflect By Logan Cooley.
8:51 of 3rd period - Shot Blocked by Noah Cates.
8:51 of 3rd period - Puck is out of play.
8:52 of 3rd period - Barrett Hayton wins face-off versus Joseph Veleno in Chicago Black Hawks zone.
9:01 of 3rd period - Wrist shot by Barrett Hayton.
9:01 of 3rd period - Shot Blocked by Alexander Romanov.
9:03 of 3rd period - Snap shot by Eeli Tolvanen.
9:03 of 3rd period - Deflect By Trevor Zegras.
9:03 of 3rd period - Shot Misses the Net.
9:03 of 3rd period - Puck is out of play.
9:04 of 3rd period - Lucas Raymond wins face-off versus Seth Jarvis in Los Angeles Kings zone.
9:05 of 3rd period - Slapshot by Leo Carlsson.
9:05 of 3rd period - Shot Blocked by Alexander Romanov.
9:21 of 3rd period - Wrist shot by Andrei Svechnikov.
9:21 of 3rd period - Shot Misses the Net.
10:18 of 3rd period - Wrist shot by Morgan Frost.
10:18 of 3rd period - Stopped by Andrei Vasilevskiy without a rebound.
10:19 of 3rd period - Leo Carlsson wins face-off versus Seth Jarvis in Los Angeles Kings zone.
10:35 of 3rd period - Leo Carlsson is hit by Andrei Svechnikov and loses puck.
10:44 of 3rd period - Minor Penalty to Andrei Svechnikov for Interference.
10:45 of 3rd period - Leo Carlsson wins face-off versus Matthew Boldy in Los Angeles Kings zone.
11:00 of 3rd period - Snap shot by Lucas Raymond.
11:00 of 3rd period - Shot Blocked by Ryan Suter.
12:01 of 3rd period - MacKenzie Weegar is hit by Barrett Hayton and loses puck.
12:44 of 3rd period - Penalty to Andrei Svechnikov is over, Andrei Svechnikov is back on ice.
12:47 of 3rd period - Icing by Jonas Brodin.
12:48 of 3rd period - Leo Carlsson wins face-off versus Mikey Eyssimont in Chicago Black Hawks zone.
12:48 of 3rd period - Leo Carlsson is hit by Mikey Eyssimont.
13:46 of 3rd period - Snap shot by Andrei Svechnikov.
13:46 of 3rd period - Shot Misses the Net.
13:48 of 3rd period - Slapshot by Seth Jarvis.
13:48 of 3rd period - Shot Misses the Net.
13:50 of 3rd period - Snap shot by Seth Jarvis.
13:50 of 3rd period - Deflect By Barrett Hayton.
13:50 of 3rd period - Shot Blocked by Christopher Tanev.
13:50 of 3rd period - Puck is out of play.
13:51 of 3rd period - Jansen Harkins wins face-off versus Oliver Bjorkstrand in Chicago Black Hawks zone.
14:41 of 3rd period - Matthew Beniers is hit by Matthew Boldy and loses puck.
14:46 of 3rd period - Snap shot by Andrei Svechnikov.
14:46 of 3rd period - Shot Misses the Net.
14:48 of 3rd period - Slapshot by Charlie McAvoy.
14:48 of 3rd period - Deflect By Matthew Boldy.
14:48 of 3rd period - Stopped by Filip Gustavsson without a rebound.
14:49 of 3rd period - Leo Carlsson wins face-off versus Seth Jarvis in Chicago Black Hawks zone.
15:11 of 3rd period - Minor Penalty to Christopher Tanev for Holding.
15:12 of 3rd period - Lucas Raymond wins face-off versus Andrei Kuzmenko in Chicago Black Hawks zone.
15:12 of 3rd period - Lucas Raymond is hit by Andrei Kuzmenko.
15:28 of 3rd period - Wrist shot by Logan Cooley.
15:28 of 3rd period - Shot Misses the Net.
15:38 of 3rd period - Jonas Brodin is hit by MacKenzie Weegar and loses puck.
16:23 of 3rd period - Barrett Hayton is hit by Andrei Svechnikov and loses puck.
16:32 of 3rd period - Slapshot by Seth Jarvis.
16:32 of 3rd period - Shot Blocked by Zachary Werenski.
16:34 of 3rd period - Slapshot by Andrei Svechnikov.
16:34 of 3rd period - Stopped by Filip Gustavsson without a rebound.
16:35 of 3rd period - Andrei Kuzmenko wins face-off versus Lucas Raymond in Chicago Black Hawks zone.
16:44 of 3rd period - Slapshot by Logan Cooley.
16:44 of 3rd period - Stopped by Filip Gustavsson with a rebound.
16:46 of 3rd period - Slapshot by MacKenzie Weegar.
16:46 of 3rd period - Deflect By Andrei Kuzmenko.
16:46 of 3rd period - Stopped by Filip Gustavsson with a rebound.
16:48 of 3rd period - Wrist shot by Morgan Geekie.
16:48 of 3rd period - Shot Blocked by Brent Burns.
16:50 of 3rd period - Snap shot by Andrei Kuzmenko.
16:50 of 3rd period - Goal by Andrei Kuzmenko - Chicago Black Hawks : 5 - Los Angeles Kings : 6.
16:51 of 3rd period - Matthew Beniers wins face-off versus Jansen Harkins in neutral zone.
17:00 of 3rd period - Wrist shot by Noah Cates.
17:00 of 3rd period - Shot Misses the Net.
17:02 of 3rd period - Slapshot by Noah Cates.
17:02 of 3rd period - Shot Misses the Net.
17:04 of 3rd period - Slapshot by Justin Faulk.
17:04 of 3rd period - Shot Misses the Net.
17:46 of 3rd period - Wrist shot by Trevor Zegras.
17:46 of 3rd period - Shot Misses the Net.
17:48 of 3rd period - Slapshot by Ryan Lindgren.
17:48 of 3rd period - Stopped by Andrei Vasilevskiy with a rebound.
17:50 of 3rd period - Slapshot by Jonas Brodin.
17:50 of 3rd period - Shot Blocked by Charlie McAvoy.
19:07 of 3rd period - Chicago Black Hawks, Filip Gustavsson is pulled from the net.
19:15 of 3rd period - Snap shot by Lucas Raymond.
19:15 of 3rd period - Deflect By Leo Carlsson.
19:15 of 3rd period - Shot Misses the Net.
19:15 of 3rd period - Puck is out of play.
19:16 of 3rd period - Jim Montgomery call a timeout for Chicago Black Hawks.
19:16 of 3rd period - Oliver Bjorkstrand wins face-off versus Matthew Boldy in Los Angeles Kings zone.
19:27 of 3rd period - Wrist shot by Matthew Boldy.
19:27 of 3rd period - Goal by Matthew Boldy - Chicago Black Hawks : 5 - Los Angeles Kings : 7.
19:27 of 3rd period - Filip Gustavsson from Chicago Black Hawks was sent back in the game.
19:28 of 3rd period - Jansen Harkins wins face-off versus Matthew Beniers in neutral zone.
Goals for this period are 2 for Chicago Black Hawks vs 2 for Los Angeles Kings.
Shots for this period are 15 for Chicago Black Hawks vs 7 for Los Angeles Kings.
Back to the Top